[Event "Titled Tuesday Blitz June 21 Early 2022"]
[White "Chernomordik, Pavel"]
[Black "Volkov, Maksim"]
[WhiteFideId "2804530"]
[BlackFideId "54123070"]
[WhiteElo "2220"]
[BlackElo "2155"]
[Result "1-0"]
[Round "06"]
[TimeControl "180+1"]
[Date "2022.06.21"]
[WhiteClock "0:00:10"]
[BlackClock "0:00:01"]

1. e4 c5 2. Nc3 Nc6 3. Bb5 g6 4. Bxc6 dxc6 5. f4 Bg7 6. Nf3 Nf6 7. O-O O-O 8. d3 b6 9. h3 Re8 10. Qe1 Nd7 11. Qh4 Nf8 12. f5 e6 13. fxg6 Nxg6 14. Qh5 f6 15. Nh4 Qd4+ 16. Kh1 Qe5 17. Qg4 Nxh4 18. Qxh4 Re7 19. Ne2 Bd7 20. c3 Be8 21. Ng3 Qd6 22. Bh6 Bh8 23. Rf3 Bg6 24. Nh5 Rf7 25. Raf1 Bxh5 26. Qxh5 Bg7 27. Bf4 Qd7 28. Rg3 Kh8 29. Bh6 Rg8 30. Bg5 Rgf8 31. Bh6 Rg8 32. Rff3 f5 33. Bxg7+ Rgxg7 34. Rxg7 Kxg7 35. Rg3+ Kh8 36. Qg5 Rf8 37. exf5 exf5 38. Re3 Qg7 39. Qxg7+ Kxg7 40. Re7+ Rf7 41. Rxf7+ Kxf7 42. Kh2 Kg6 43. Kg3 Kg5 44. Kf3 h6 45. g3 h5 46. h4+ Kg6 47. Kf4 Kf6 48. b3 a6 49. a4 b5 50. c4 1-0


[Site "https://www.chess.com"]

[Event "Titled Tuesday Blitz June 21 Early 2022"]
[White "Chigaev, Maksim"]
[Black "Agasarov, Benik"]
[WhiteFideId "4108116"]
[BlackFideId "13314823"]
[WhiteElo "2457"]
[BlackElo "2656"]
[Result "1-0"]
[Round "06"]
[TimeControl "180+1"]
[Date "2022.06.21"]
[WhiteClock "0:01:08"]
[BlackClock "0:01:56"]

1. e4 e5 2. Nf3 Nc6 3. g3 Nf6 4. d3 Bc5 5. Bg2 d6 6. O-O h6 7. c3 Bg4 8. h3 Bxf3 9. Qxf3 O-O 10. b4 Bb6 11. a4 a6 12. a5 Ba7 13. Nd2 Nh7 14. Nc4 Qd7 15. Ne3 Ng5 16. Qf5 Qxf5 17. Nxf5 Ne6 18. h4 Rfe8 19. Be3 Ne7 20. Bxa7 Rxa7 21. Ne3 c6 22. f4 f6 23. Bh3 Nc7 24. Nc4 Nb5 25. Rac1 d5 26. Nb6 exf4 27. gxf4 dxe4 28. dxe4 Nd6 29. Rce1 Nec8 30. e5 1-0


[Site "https://www.chess.com"]

[Event "Titled Tuesday Blitz June 21 Early 2022"]
[White "Ciuffoletti, Paolo"]
[Black "Sailer, Mike"]
[WhiteFideId "807630"]
[BlackFideId "2012901"]
[WhiteElo "2143"]
[BlackElo "2109"]
[Result "1-0"]
[Round "06"]
[TimeControl "180+1"]
[Date "2022.06.21"]
[WhiteClock "0:00:47"]
[BlackClock "0:00:01"]

1. e4 d5 2. exd5 Qxd5 3. Nc3 Qd6 4. d4 Nf6 5. Nf3 c6 6. Bc4 Bg4 7. h3 Bh5 8. g4 Bg6 9. Be3 e6 10. Ne5 Nbd7 11. Bf4 Qb4 12. Bb3 Nxe5 13. dxe5 Qxf4 14. exf6 gxf6 15. Qe2 O-O-O 16. Kf1 Rd2 17. Qe3 Qxe3 18. fxe3 Bxc2 19. Ke1 Rg2 20. Kf1 Bxb3 21. Kxg2 Bc4 22. b3 Ba6 23. Rad1 Bb4 24. Ne4 f5 25. gxf5 exf5 26. Nd6+ Bxd6 27. Rxd6 Rg8+ 28. Kf2 Kc7 29. Rf6 Rd8 30. Rxf7+ Kb6 31. Kg3 Bd3 32. Kf4 Be4 33. Rh2 Rd1 34. Rxh7 Rf1+ 35. Ke5 Rf3 36. h4 Rxe3 37. Kf6 Rg3 38. h5 f4 39. Rf2 Bxh7 40. Rxf4 1-0


[Site "https://www.chess.com"]

[Event "Titled Tuesday Blitz June 21 Early 2022"]
[White "Clarke, Brandon G I"]
[Black "Vusatiuk, Vladimir"]
[WhiteFideId "400319"]
[BlackFideId "14118610"]
[WhiteElo "2414"]
[BlackElo "2157"]
[Result "0-1"]
[Round "06"]
[TimeControl "180+1"]
[Date "2022.06.21"]
[WhiteClock "0:00:12"]
[BlackClock "0:00:23"]

1. e4 e6 2. d4 d5 3. Nd2 c5 4. exd5 Qxd5 5. Ngf3 cxd4 6. Bc4 Qd7 7. Nb3 Nc6 8. Nbxd4 Nxd4 9. Nxd4 a6 10. O-O Qc7 11. Bb3 Bd6 12. Re1 Bxh2+ 13. Kh1 Be5 14. Be3 Ne7 15. Qh5 Ng6 16. c3 O-O 17. Rad1 b5 18. Nf3 Bf6 19. Bc5 Re8 20. Bd6 Qc6 21. Bc2 Bb7 22. Be4 Qb6 23. Bc5 Qc7 24. Bd6 Qc8 25. Ng5 Bxg5 26. Qxg5 Bxe4 27. Rxe4 Qc6 28. Red4 h6 29. Qe3 Rad8 30. Bg3 Rxd4 31. Rxd4 Qc5 32. Kg1 e5 33. Rd8 Qc6 34. Qf3 Qe6 35. Qa8 Rxd8 36. Qxd8+ Kh7 37. Qd2 Qxa2 38. Qc2 Qd5 39. f3 Kg8 40. Kh2 h5 41. Qf5 h4 42. Bf2 Qd6 43. Kg1 Qe6 44. Qe4 f5 45. Qa8+ Kh7 46. Qb8 Nf4 47. Bxh4 Qg6 48. g3 Nd3 49. Qd8 e4 50. fxe4 fxe4 51. Kg2 e3 52. Qd4 e2 53. g4 e1=Q 54. Bxe1 Nxe1+ 55. Kf1 Nf3 56. Qf4 Ng5 57. Kf2 Qf6 58. Ke3 Qxf4+ 59. Kxf4 Ne6+ 60. Ke5 Nc5 61. Kd5 Nd3 62. b4 Nb2 63. Kc5 Nd1 64. c4 bxc4 65. Kxc4 Nb2+ 66. Kc5 Nd3+ 67. Kc4 Nxb4 68. Kxb4 Kg6 69. Ka5 Kg5 70. Kxa6 Kxg4 71. Kb5 Kf3 72. Kc4 g6 73. Kd3 g5 74. Kd2 Kf2 75. Kd3 g4 76. Ke4 g3 77. Kf4 g2 0-1


[Site "https://www.chess.com"]

[Event "Titled Tuesday Blitz June 21 Early 2022"]
[White "Clawitter, Craig"]
[Black "Einarsson, Halldor Gretar"]
[WhiteFideId "2023105"]
[BlackFideId "2300150"]
[WhiteElo "2259"]
[BlackElo "2114"]
[Result "1/2-1/2"]
[Round "06"]
[TimeControl "180+1"]
[Date "2022.06.21"]
[WhiteClock "0:00:15"]
[BlackClock "0:00:13"]

1. e4 c5 2. Nf3 Nc6 3. d4 cxd4 4. Nxd4 Nf6 5. Nc3 e5 6. Ndb5 d6 7. Bg5 a6 8. Na3 b5 9. Bxf6 gxf6 10. Nd5 f5 11. Bd3 Be6 12. O-O Bxd5 13. exd5 Ne7 14. c3 e4 15. Bc2 Bg7 16. Qh5 Qc8 17. Rae1 b4 18. Ba4+ Kf8 19. cxb4 Bxb2 20. Nc2 Nxd5 21. Bb3 Ra7 22. Bxd5 Qxc2 23. Qxf5 Rg8 24. Rxe4 Re7 25. Rfe1 Bd4 26. Bxf7 Bxf2+ 27. Qxf2 Qxf2+ 28. Kxf2 Rxf7+ 29. Kg1 Rg5 30. Re8+ Kg7 31. R1e6 Rd5 32. h3 Rd2 33. R8e7 Rxa2 34. Rxf7+ Kxf7 35. Rxd6 Rb2 36. Rb6 h5 37. Kh2 h4 38. Rxa6 Rxb4 39. Rh6 Rd4 40. Rh5 Rf4 41. Rg5 Kf6 42. Rg4 Rxg4 43. hxg4 Kg6 44. Kh3 Kg5 45. g3 hxg3 46. Kxg3 Kg6 47. Kf4 Kf6 48. g5+ Kg6 49. Kg4 Kg7 50. Kf5 Kf7 51. g6+ Kg7 52. Kg5 Kg8 53. Kf5 Kg7 54. Kg5 Kg8 55. Kf6 Kf8 56. g7+ Kg8 57. Ke7 Kxg7 1/2-1/2


[Site "https://www.chess.com"]

[Event "Titled Tuesday Blitz June 21 Early 2022"]
[White "Corrales Jimenez, Fidel"]
[Black "Jeet, Jain"]
[WhiteFideId "3506690"]
[BlackFideId "5073022"]
[WhiteElo "2541"]
[BlackElo "2055"]
[Result "1-0"]
[Round "06"]
[TimeControl "180+1"]
[Date "2022.06.21"]
[WhiteClock "0:00:49"]
[BlackClock "0:01:03"]

1. d4 d5 2. c4 c6 3. Nf3 Nf6 4. e3 Bf5 5. Nc3 e6 6. Nh4 Bg4 7. f3 Bh5 8. Qb3 b6 9. cxd5 exd5 10. Bd3 Be7 11. Nf5 O-O 12. Nxe7+ Qxe7 13. O-O Bg6 14. e4 dxe4 15. fxe4 h6 16. Bf4 c5 17. Nd5 Nxd5 18. Qxd5 Qd7 19. Bc4 Rd8 20. dxc5 bxc5 21. Rad1 a5 22. Qxa8 1-0


[Site "https://www.chess.com"]

[Event "Titled Tuesday Blitz June 21 Early 2022"]
[White "Csonka, Balazs"]
[Black "Hosseinzadeh, Nima"]
[WhiteFideId "742910"]
[BlackFideId "12505323"]
[WhiteElo "2729"]
[BlackElo "2541"]
[Result "1-0"]
[Round "06"]
[TimeControl "180+1"]
[Date "2022.06.21"]
[WhiteClock "0:00:39"]
[BlackClock "0:00:09"]

1. d4 Nf6 2. Nf3 e6 3. c4 b6 4. g3 Ba6 5. Qc2 c5 6. d5 exd5 7. cxd5 Bb7 8. Bg2 Nxd5 9. O-O Be7 10. Qe4 O-O 11. Rd1 Bf6 12. Rxd5 Re8 13. Qd3 Bxd5 14. Qxd5 Nc6 15. Nc3 Nb4 16. Qd1 d5 17. a3 d4 18. Ne4 Nd5 19. Nfd2 Rc8 20. Nc4 Be7 21. Qb3 Kh8 22. Ne5 Rf8 23. Nd2 f6 24. Ng6+ hxg6 25. Bxd5 b5 26. g4 1-0


[Site "https://www.chess.com"]

[Event "Titled Tuesday Blitz June 21 Early 2022"]
[White "Cunha, Lucas Aguiar"]
[Black "Ferreira, Vitor Hugo Vieira"]
[WhiteFideId "2125404"]
[BlackFideId "2119765"]
[WhiteElo "2328"]
[BlackElo "2165"]
[Result "1-0"]
[Round "06"]
[TimeControl "180+1"]
[Date "2022.06.21"]
[WhiteClock "0:01:40"]
[BlackClock "0:01:11"]

1. e4 c5 2. Nf3 d6 3. d4 cxd4 4. Qxd4 Nc6 5. Bb5 Bd7 6. Bxc6 Bxc6 7. Bg5 Nf6 8. Nc3 e6 9. O-O-O Be7 10. Rhe1 O-O 11. Qd2 Re8 12. Nd4 Qc7 13. f4 h6 14. Bxf6 Bxf6 15. g4 g5 16. h4 gxf4 17. g5 hxg5 18. hxg5 Bg7 19. Rh1 d5 20. exd5 Bxd5 21. Nxd5 exd5 22. Nf5 Qe5 23. Nxg7 Kxg7 24. Rde1 Qf5 25. Qd4+ Kg6 26. Rh6+ Kxg5 27. Qg7+ Qg6 28. Rxg6+ fxg6 29. Rg1+ 1-0


[Site "https://www.chess.com"]

[Event "Titled Tuesday Blitz June 21 Early 2022"]
[White "D`Arruda, Ricardo D."]
[Black "Martin, Lewis"]
[WhiteFideId "100692"]
[BlackFideId "410551"]
[WhiteElo "2506"]
[BlackElo "2145"]
[Result "1-0"]
[Round "06"]
[TimeControl "180+1"]
[Date "2022.06.21"]
[WhiteClock "0:01:29"]
[BlackClock "0:01:13"]

1. d4 d5 2. Nf3 Nf6 3. c4 c6 4. e3 Bf5 5. Nc3 e6 6. Bd3 Bxd3 7. Qxd3 Bd6 8. O-O O-O 9. e4 dxe4 10. Nxe4 Nxe4 11. Qxe4 Nd7 12. Bg5 Qe8 13. Rfe1 h6 14. Bd2 Nf6 15. Qh4 Nh7 16. Re2 Be7 17. Qg3 Kh8 18. Rae1 Rd8 19. Bc3 Bf6 20. h4 Qd7 21. Ne5 Qd6 22. c5 Qe7 23. h5 b5 24. Nxc6 Qb7 25. Nxd8 Rxd8 26. Qg4 b4 27. Bd2 Rxd4 28. Qf3 Qxf3 29. gxf3 Rc4 30. Rc1 Rxc1+ 31. Bxc1 Bd8 32. Rd2 1-0


[Site "https://www.chess.com"]

[Event "Titled Tuesday Blitz June 21 Early 2022"]
[White "Daeschler, Florian"]
[Black "Ovezdurdyyeva, Jemal"]
[WhiteFideId "20678193"]
[BlackFideId "14001888"]
[WhiteElo "2221"]
[BlackElo "1946"]
[Result "1-0"]
[Round "06"]
[TimeControl "180+1"]
[Date "2022.06.21"]
[WhiteClock "0:01:13"]
[BlackClock "0:01:21"]

1. e4 d6 2. Nc3 Nf6 3. g3 g6 4. Bg2 c6 5. Nge2 b5 6. O-O b4 7. Nb1 Bg7 8. d4 O-O 9. a3 bxa3 10. Nxa3 Be6 11. Re1 Qc8 12. Nf4 Bd7 13. e5 Ne8 14. c4 Nc7 15. Bd2 Ne6 16. Nxe6 Bxe6 17. exd6 exd6 18. Bf4 Rd8 19. d5 cxd5 20. cxd5 Bh3 21. Rc1 Qd7 22. Bxh3 Qxh3 23. Nb5 Nd7 24. Nxd6 Bxb2 25. Rc7 Nf6 26. Nxf7 Ng4 27. Qxg4 1-0


[Site "https://www.chess.com"]

[Event "Titled Tuesday Blitz June 21 Early 2022"]
[White "De Souza, Cristiano Gomes"]
[Black "Khan, Taffin"]
[WhiteFideId "2151758"]
[BlackFideId "19700024"]
[WhiteElo "2068"]
[BlackElo "2013"]
[Result "0-1"]
[Round "06"]
[TimeControl "180+1"]
[Date "2022.06.21"]
[WhiteClock "0:01:43"]
[BlackClock "0:01:11"]

1. d4 Nf6 2. c4 g6 3. Nc3 d5 4. Bf4 c6 5. Nf3 Bg7 6. e3 O-O 7. h3 Re8 8. Rc1 Nbd7 9. Ne5 Nxe5 10. dxe5 Nd7 11. cxd5 Nxe5 12. dxc6 Nxc6 13. Bb5 Qb6 14. Bxc6 bxc6 15. Qb3 Ba6 16. Qxb6 axb6 17. b3 c5 18. Bc7 b5 19. a4 Rec8 20. axb5 Bxc3+ 21. Rxc3 Bxb5 22. Rxc5 Ra1+ 23. Kd2 Rxh1 0-1


[Site "https://www.chess.com"]

[Event "Titled Tuesday Blitz June 21 Early 2022"]
[White "Dhanush, Bharadwaj"]
[Black "Lianes Garcia, Marcos"]
[WhiteFideId "25058746"]
[BlackFideId "32060777"]
[WhiteElo "2538"]
[BlackElo "2704"]
[Result "1-0"]
[Round "06"]
[TimeControl "180+1"]
[Date "2022.06.21"]
[WhiteClock "0:01:13"]
[BlackClock "0:00:30"]

1. Nf3 g6 2. g3 Bg7 3. Bg2 c5 4. O-O Nc6 5. c4 Nf6 6. Nc3 O-O 7. d4 cxd4 8. Nxd4 d6 9. Nxc6 bxc6 10. Bxc6 Bh3 11. Bxa8 Qxa8 12. f3 Bxf1 13. Kxf1 Rc8 14. Qd3 Ng4 15. Nd5 Ne5 16. Nxe7+ Kh8 17. Qd5 Qxd5 18. cxd5 Rc2 19. Be3 Bf6 20. Nc6 Nxc6 21. dxc6 Rxc6 22. Bxa7 Bxb2 23. Rb1 Bf6 24. Bb6 Rc4 25. Rd1 Be7 26. Rd4 Rc6 27. Ba5 Kg8 28. Bb4 Ra6 29. a3 f5 30. e4 Kf7 31. e5 d5 32. Rxd5 Bxb4 33. axb4 Ra1+ 34. Kf2 Ke6 35. Rc5 Ra2+ 36. Ke3 Rxh2 37. Kf4 Rb2 38. Rc6+ Kd7 39. Rd6+ Ke7 40. Rb6 h6 41. Rxg6 Rxb4+ 42. Kxf5 1-0


[Site "https://www.chess.com"]

[Event "Titled Tuesday Blitz June 21 Early 2022"]
[White "Domingo Nunez, Ruben"]
[Black "Flynn, Jacob"]
[WhiteFideId "22245570"]
[BlackFideId "2509393"]
[WhiteElo "2376"]
[BlackElo "1896"]
[Result "1-0"]
[Round "06"]
[TimeControl "180+1"]
[Date "2022.06.21"]
[WhiteClock "0:00:13"]
[BlackClock "0:00:03"]

1. c4 Nf6 2. Nc3 c5 3. g3 Nc6 4. Bg2 e6 5. e4 d5 6. cxd5 exd5 7. Nxd5 Nxd5 8. exd5 Nd4 9. d3 Be7 10. h3 O-O 11. Ne2 Nxe2 12. Qxe2 Re8 13. O-O Bd6 14. Qd1 Qf6 15. Qb3 b6 16. Be3 Bf5 17. Rad1 Be5 18. Rd2 Bd4 19. Bxd4 Qxd4 20. Qc4 Rad8 21. g4 Bg6 22. Qxd4 cxd4 23. Rc1 Rd7 24. Rc4 f6 25. Rxd4 Bf7 26. Rc2 Red8 27. d6 g5 28. Rc7 Rxd6 29. Rxd6 Rxd6 30. Be4 Bg6 31. Rxa7 Bxe4 32. dxe4 Rd2 33. b3 Rb2 34. Ra4 b5 35. Rb4 Rxa2 36. Rxb5 Rb2 37. Kg2 Kg7 38. Rb7+ Kg6 39. b4 Rb3 40. b5 h5 41. b6 h4 42. Rb8 Kg7 43. f3 Kh7 44. Kf2 Kg7 45. Ke2 Rb2+ 46. Ke3 Rb3+ 47. Ke2 Rb2+ 48. Kd3 Rb3+ 49. Kc4 Rxf3 50. b7 Rf4 51. Ra8 Rxe4+ 52. Kc5 Re5+ 53. Kc6 Re6+ 54. Kd7 Rb6 55. b8=Q Rxb8 56. Rxb8 f5 57. gxf5 Kf6 58. Rf8+ Ke5 59. f6 1-0


[Site "https://www.chess.com"]

[Event "Titled Tuesday Blitz June 21 Early 2022"]
[White "Dubov, Daniil"]
[Black "Terry, Renato"]
[WhiteFideId "24126055"]
[BlackFideId "3803457"]
[WhiteElo "2791"]
[BlackElo "2577"]
[Result "1-0"]
[Round "06"]
[TimeControl "180+1"]
[Date "2022.06.21"]
[WhiteClock "0:00:07"]
[BlackClock "0:00:01"]

1. d4 e6 2. Nf3 Nf6 3. Bg5 b6 4. e4 h6 5. Bxf6 Qxf6 6. Nbd2 Bb7 7. Bd3 d6 8. O-O Nd7 9. a4 a5 10. Re1 Qe7 11. c3 g6 12. Nf1 Bg7 13. Ne3 O-O 14. Qc2 c5 15. Qb3 Rab8 16. Rad1 Ba8 17. d5 e5 18. Nd2 h5 19. Bb5 Nf6 20. Bc6 Qc7 21. Qb5 Rfc8 22. Bxa8 Rxa8 23. Nec4 Rab8 24. Na3 Bf8 25. Qd3 Qd7 26. Nb5 h4 27. Nc4 Nh5 28. g3 Rd8 29. Qf3 Qh3 30. Rd3 hxg3 31. fxg3 Rb7 32. Rf1 Qd7 33. Qf2 Qg4 34. Qf3 Qxf3 35. Rdxf3 Rdd7 36. Kg2 Kg7 37. h4 Kg8 38. Ne3 Bh6 39. Ng4 Bg7 40. Nf2 Bh6 41. Nh3 Kg7 42. Kh1 Kg8 43. g4 Nf4 44. g5 Nxh3 45. Rxh3 Bg7 46. Rhf3 Rd8 47. Kg2 Rbd7 48. Kg3 Rf8 49. Kg4 Rfd8 50. h5 Rc8 51. Na3 c4 52. Nb5 Rcd8 53. R3f2 Rc8 54. Rxf7 Rxf7 55. Rxf7 Kxf7 56. Nxd6+ Ke7 57. Nxc8+ Kd8 58. Nxb6 1-0


[Site "https://www.chess.com"]

[Event "Titled Tuesday Blitz June 21 Early 2022"]
[White "Dushyant Sharma"]
[Black "Samaganova, Aleksandra"]
[WhiteFideId "25065130"]
[BlackFideId "13800221"]
[WhiteElo "2105"]
[BlackElo "1864"]
[Result "1-0"]
[Round "06"]
[TimeControl "180+1"]
[Date "2022.06.21"]
[WhiteClock "0:00:15"]
[BlackClock "0:00:01"]

1. e4 c5 2. Nf3 e6 3. d4 cxd4 4. Nxd4 a6 5. Nc3 b5 6. f4 Bb7 7. Bd3 Qc7 8. Nf3 Nf6 9. a3 d5 10. exd5 Nxd5 11. Nxd5 Bxd5 12. O-O Bc5+ 13. Kh1 Nd7 14. b4 Be7 15. Bb2 O-O 16. Qe1 Bxf3 17. Rxf3 Bf6 18. Bxh7+ Kxh7 19. Rh3+ Kg8 20. Bxf6 Nxf6 21. Qh4 Nh5 22. Qxh5 f6 23. Qh7+ Kf7 24. Rg3 Rg8 25. Re1 Qxf4 26. Qg6+ Ke7 27. Rf3 Qd2 28. Qe4 Qd7 29. Rd3 Qc8 30. Rc3 Qd7 31. Rd3 Qc8 32. h3 Ra7 33. Red1 Kf7 34. Qg4 g6 35. Qh4 1-0


[Site "https://www.chess.com"]

[Event "Titled Tuesday Blitz June 21 Early 2022"]
[White "Eggleston, Thomas A"]
[Black "Nilssen, Ellen Fredericia"]
[WhiteFideId "412139"]
[BlackFideId "1441230"]
[WhiteElo "2174"]
[BlackElo "2094"]
[Result "1-0"]
[Round "06"]
[TimeControl "180+1"]
[Date "2022.06.21"]
[WhiteClock "0:00:47"]
[BlackClock "0:00:13"]

1. e4 c6 2. d4 d5 3. exd5 cxd5 4. c4 Nf6 5. Nc3 Nc6 6. Bg5 dxc4 7. Bxc4 e6 8. Nf3 Be7 9. O-O O-O 10. a3 b6 11. Bb3 Bb7 12. Bc2 h6 13. Bh4 Rc8 14. Qd3 g6 15. Rfe1 Qd6 16. Nb5 Qd7 17. Rad1 Na5 18. Nc3 Kg7 19. Ne5 Rxc3 20. Nxd7 Rxd3 21. Bxd3 g5 22. Nxf8 gxh4 23. Nxe6+ fxe6 24. Rxe6 Kf7 25. Rde1 Bf8 26. b4 Bd5 27. Rxf6+ Kxf6 28. bxa5 bxa5 29. Ra1 Ke6 30. Kf1 Kf6 31. f3 h3 32. Be4 Bc4+ 33. Kf2 hxg2 34. Kxg2 Bd6 35. Rc1 Bb3 36. Rc6 Ke7 37. Ra6 a4 38. Rxa7+ Kf6 39. Bc6 Bxa3 40. Bxa4 Bxa4 41. Rxa4 Bb2 42. f4 Kf5 43. Kf3 Bc3 44. Rc4 Bd2 45. Rc5+ Kf6 46. Ke4 Bb4 47. Rb5 Ba3 48. Rb6+ Kg7 49. Kf5 1-0


[Site "https://www.chess.com"]

[Event "Titled Tuesday Blitz June 21 Early 2022"]
[White "Estrada Nieto, Julian"]
[Black "Papp, Levente"]
[WhiteFideId "5101018"]
[BlackFideId "751243"]
[WhiteElo "2252"]
[BlackElo "2308"]
[Result "1-0"]
[Round "06"]
[TimeControl "180+1"]
[Date "2022.06.21"]
[WhiteClock "0:00:13"]
[BlackClock "0:00:01"]

1. e4 e6 2. d4 d5 3. Nd2 Nf6 4. e5 Nfd7 5. Bd3 c5 6. c3 Nc6 7. Ne2 cxd4 8. cxd4 f6 9. exf6 Nxf6 10. Nf3 Bd6 11. O-O O-O 12. Bf4 Bxf4 13. Nxf4 Ne4 14. Qc1 Ng5 15. Nxg5 Qxg5 16. Ne2 Qxc1 17. Raxc1 a6 18. Rfd1 Bd7 19. f3 Rac8 20. Kf2 Kf7 21. Ke3 Ke7 22. a3 Kd6 23. h3 Ne7 24. Bb1 g6 25. Nf4 Bb5 26. b3 Nf5+ 27. Bxf5 exf5 28. a4 Rfe8+ 29. Kf2 Bc6 30. Nd3 a5 31. Ne5 b5 32. Nxc6 Rxc6 33. axb5 Rxc1 34. Rxc1 Rb8 35. Rc6+ Kd7 36. Rc5 Kd6 37. Kg3 g5 38. h4 h6 39. Rc6+ Kd7 40. Rxh6 gxh4+ 41. Kxh4 Rxb5 42. Kg5 Rxb3 43. Kxf5 a4 44. Ra6 a3 45. Ke5 Kc7 46. Kxd5 Kb7 47. Ra4 Kb6 48. f4 Kb5 49. Ra8 Rg3 50. f5 Kb4 51. f6 Rg5+ 52. Ke6 Rxg2 53. f7 Re2+ 54. Kd6 Rf2 55. f8=Q a2 56. Qxf2 1-0


[Site "https://www.chess.com"]

[Event "Titled Tuesday Blitz June 21 Early 2022"]
[White "Fedoseev, Vladimir"]
[Black "Nesterov, Arseniy"]
[WhiteFideId "24130737"]
[BlackFideId "24198455"]
[WhiteElo "2726"]
[BlackElo "2489"]
[Result "1-0"]
[Round "06"]
[TimeControl "180+1"]
[Date "2022.06.21"]
[WhiteClock "0:01:11"]
[BlackClock "0:00:11"]

1. e4 e5 2. Nf3 Nc6 3. Bb5 a6 4. Ba4 b5 5. Bb3 Na5 6. O-O d6 7. d4 exd4 8. Re1 Be7 9. Nxd4 Nf6 10. Bd5 Bb7 11. Bd2 c6 12. Bxa5 Qxa5 13. Nxc6 Qc7 14. Nxe7 Kxe7 15. Bxb7 Qxb7 16. e5 dxe5 17. Rxe5+ Kf8 18. Qd6+ Kg8 19. Nc3 h6 20. Rae1 Kh7 21. Re7 Rhe8 22. Nd5 Rxe7 23. Nxf6+ gxf6 24. Rxe7 1-0


[Site "https://www.chess.com"]

[Event "Titled Tuesday Blitz June 21 Early 2022"]
[White "Fier, Alexandr"]
[Black "Durarbayli, Vasif"]
[WhiteFideId "2107139"]
[BlackFideId "13402935"]
[WhiteElo "2571"]
[BlackElo "2528"]
[Result "0-1"]
[Round "06"]
[TimeControl "180+1"]
[Date "2022.06.21"]
[WhiteClock "0:01:02"]
[BlackClock "0:00:45"]

1. d4 Nf6 2. c4 e6 3. Nc3 Bb4 4. e3 O-O 5. Ne2 Re8 6. a3 Bf8 7. Ng3 d5 8. Be2 c5 9. dxc5 dxc4 10. O-O Qc7 11. Bxc4 Qxc5 12. Be2 Bd7 13. Nge4 Nxe4 14. Nxe4 Qc7 15. Bf3 Bc6 16. Qc2 h6 17. b4 Rc8 18. Bb2 Nd7 19. Rac1 a6 20. Rfd1 Ne5 21. Be2 Ng6 22. Nc5 Qe7 23. Bd3 b6 24. Bxg6 bxc5 25. Bh7+ Kh8 26. bxc5 f5 27. Bg6 Qg5 28. f4 Qxg6 29. Be5 Bxc5 0-1


[Site "https://www.chess.com"]

[Event "Titled Tuesday Blitz June 21 Early 2022"]
[White "Fromm, Marius"]
[Black "Lagno, Kateryna"]
[WhiteFideId "12993190"]
[BlackFideId "14109336"]
[WhiteElo "2274"]
[BlackElo "2522"]
[Result "0-1"]
[Round "06"]
[TimeControl "180+1"]
[Date "2022.06.21"]
[WhiteClock "0:00:02"]
[BlackClock "0:00:35"]

1. e4 e5 2. Nf3 Nc6 3. Bc4 Bc5 4. d3 Nf6 5. O-O a6 6. c3 d6 7. a4 Ba7 8. Nbd2 O-O 9. h3 h6 10. Re1 Re8 11. b4 Be6 12. Bxe6 Rxe6 13. Qc2 Ne7 14. c4 Ng6 15. Nf1 Nh5 16. Be3 Ngf4 17. Kh2 Rf6 18. Ng3 Nxg3 19. fxg3 Bxe3 20. Rxe3 Ne6 21. Qb2 Qd7 22. Ree1 Rf8 23. Rf1 Rg6 24. Nh4 Rg5 25. Nf3 Rg6 26. Rf2 Qd8 27. Raf1 f5 28. Nh4 Rxg3 29. Nxf5 Rg6 30. c5 Kh7 31. cxd6 cxd6 32. Qb3 Rgf6 33. g3 g6 34. g4 gxf5 35. gxf5 Nf4 0-1


[Site "https://www.chess.com"]

[Event "Titled Tuesday Blitz June 21 Early 2022"]
[White "Garcia Cuenca, Victor"]
[Black "Piesik, Piotr"]
[WhiteFideId "2250829"]
[BlackFideId "1136194"]
[WhiteElo "2317"]
[BlackElo "2247"]
[Result "0-1"]
[Round "06"]
[TimeControl "180+1"]
[Date "2022.06.21"]
[WhiteClock "0:00:09"]
[BlackClock "0:00:19"]

1. d4 c5 2. d5 e5 3. Nc3 d6 4. e4 Be7 5. Bb5+ Nd7 6. a4 Bg5 7. Nf3 Bxc1 8. Qxc1 Ne7 9. O-O O-O 10. Rb1 h6 11. b4 cxb4 12. Rxb4 Nc5 13. Nd2 f5 14. exf5 Nxf5 15. Nde4 Nxe4 16. Nxe4 Qe7 17. f4 Nd4 18. Bd3 Bf5 19. Qe3 Bg6 20. fxe5 Rxf1+ 21. Bxf1 dxe5 22. d6 Qh4 23. Bd3 Rf8 24. h3 b6 25. a5 bxa5 26. Rb7 Kh7 27. Rxa7 Rf4 28. Ng3 Bxd3 29. Qxd3+ e4 30. Qxd4 Qxg3 31. d7 e3 32. d8=Q Rf1+ 33. Kxf1 Qf2# 0-1


[Site "https://www.chess.com"]

[Event "Titled Tuesday Blitz June 21 Early 2022"]
[White "Gatterer, Florian"]
[Black "Kowalysko, Roman"]
[WhiteFideId "811688"]
[BlackFideId "30918510"]
[WhiteElo "2218"]
[BlackElo "2122"]
[Result "1/2-1/2"]
[Round "06"]
[TimeControl "180+1"]
[Date "2022.06.21"]
[WhiteClock "0:01:01"]
[BlackClock "0:00:52"]

1. f4 d5 2. Nf3 c6 3. g3 Bg4 4. Bg2 Nd7 5. O-O Ngf6 6. d3 Bxf3 7. Bxf3 e5 8. Bg2 Bd6 9. e3 O-O 10. d4 exf4 11. exf4 Ne4 12. f5 Ndf6 13. Nd2 Re8 14. Nf3 Qc7 15. c3 Re7 16. Bg5 Nxg5 17. Nxg5 h6 18. Nf3 Rae8 19. Re1 Ne4 20. Qc2 Qd7 21. Nh4 c5 22. Bxe4 Rxe4 23. Rxe4 Rxe4 24. Qb3 c4 25. Qc2 Qe7 26. Qf2 Re2 27. Qf3 Rxb2 28. f6 1/2-1/2


[Site "https://www.chess.com"]

[Event "Titled Tuesday Blitz June 21 Early 2022"]
[White "Gormally, Daniel W"]
[Black "Nasir, Zehn"]
[WhiteFideId "406465"]
[BlackFideId "2613239"]
[WhiteElo "2543"]
[BlackElo "1993"]
[Result "0-1"]
[Round "06"]
[TimeControl "180+1"]
[Date "2022.06.21"]
[WhiteClock "0:00:12"]
[BlackClock "0:00:05"]

1. e4 c6 2. d4 d5 3. Nd2 dxe4 4. Nxe4 Bf5 5. Ng3 Bg6 6. Nh3 Nf6 7. Nf4 e5 8. Nxg6 hxg6 9. dxe5 Qa5+ 10. Bd2 Qxe5+ 11. Qe2 Nbd7 12. O-O-O Qxe2 13. Bxe2 Bc5 14. f4 O-O-O 15. Bf3 Nb6 16. c3 Nc4 17. Kc2 Be3 18. Bc1 Bxc1 19. Kxc1 Rxd1+ 20. Bxd1 Ne3 21. Bf3 Nfd5 22. Ne2 Kc7 23. h3 Re8 24. Rg1 Kd6 25. b3 Nf5 26. g3 Re3 27. Bxd5 Kxd5 28. Kd2 Ke4 29. g4 Rd3+ 30. Kc1 Nh4 31. Kc2 Rxh3 32. Nd4 Rh2+ 33. Kb1 Kd3 34. Rg3+ Ke4 35. Rg1 Kxf4 36. Rf1+ Kxg4 37. Rxf7 Nf5 38. Nxf5 gxf5 39. Rxg7+ Kf3 40. Rxb7 f4 41. Rxa7 Ke3 42. Re7+ Kd3 43. Rf7 Kxc3 44. a4 Kxb3 45. Kc1 Kc3 46. Kd1 Kd3 47. Ke1 Ke3 48. Re7+ Kf3 49. a5 Ra2 50. Re5 Kg3 51. Rg5+ Kf3 52. Re5 Ra3 53. Rc5 Ra1+ 54. Kd2 Kf2 55. Kc2 f3 56. Kb2 Ra4 57. Kb3 Rf4 58. Rxc6 Ke3 59. Re6+ Kd3 60. Re1 f2 61. Rh1 Ke2 62. a6 Rf6 63. Ra1 Rxa6 64. Rxa6 f1=Q 65. Re6+ Kd3 66. Rd6+ Ke4 67. Re6+ Kd5 68. Re3 Qc4+ 69. Ka3 Qc5+ 0-1


[Site "https://www.chess.com"]